 Dungeon Crawl Stone Soup version 0.31-a0-234-gad7ace16ef (webtiles) character file.

Game seed: 14588471921191788762

72 qw the Shooter (level 4, -4/26 HPs)
             Began as a Gargoyle Hexslinger on July 9, 2023.
             Killed by divine providence
             ... invoked by an orc priest
              (10 damage)
             ... on level 3 of the Dungeon.
             The game lasted 00:00:39 (1566 turns).

qw the Shooter (Gargoyle Hexslinger)                Turns: 1566, Time: 00:00:39

Health: -4/26      AC:  8    Str: 12    XL:     4   Next: 26%
Magic:  0/5        EV: 10    Int: 13    God:
Gold:   109        SH:  0    Dex: 14    Spells: 4/5 levels left

rFire   + . .        Y - +1 sling
rCold   + . .        (no shield)
rNeg    + . .        o - +0 ring mail
rPois   inf          (no helmet)
rElec   +            (no cloak)
rCorr   .            (no gloves)
SInv    .            (no boots)
Will    .....        g - amulet of guardian spirit
Stlth   +            e - ring of protection from cold
HPRegen 0.24/turn    m - ring of protection from fire
MPRegen 0.09/turn

%: guardian spirit
@: no status effects
A: sickness immunity, AC +3, negative energy resistance 1, electricity
resistance, torment resistance 1, petrification resistance
a: no special abilities


You were on level 3 of the Dungeon.
You visited 1 branch of the dungeon, and saw 3 of its levels.

You collected 109 gold pieces.


Innate Abilities, Weirdness & Mutations

You are immune to sickness and miasma.
Your stone body is resilient. (AC +3)
You are immune to poison.
You resist negative energy. (rN+)
You are resistant to electric shocks. (rElec)
You are resistant to unholy torment.
You are immune to petrification.


   Skills:
 - Level 2.0 Fighting
 - Level 4.0 Ranged Weapons
 + Level 0.6 Armour
 - Level 1.5 Dodging
 - Level 1.0 Spellcasting
 - Level 2.6 Hexes


You had 4 spell levels left.
You knew the following spells:

 Your Spells              Type           Power      Damage    Failure   Level
a - Slow                  Hex            28%        N/A       22%         1

Your spell library contained the following spells:

 Spells                   Type           Power      Damage    Failure   Level
 Inner Flame              Hex/Fire       4%         N/A       73%         3
 Portal Projectile        Hex/Tloc       8%         N/A       73%         3
 Cause Fear               Hex            3%         N/A       91%         4

Inventory:

Hand Weapons
 Y - a +1 sling (weapon)
Armour
 o - a +0 ring mail (worn)
Jewellery
 e - a ring of protection from cold (left hand)
 g - an amulet of guardian spirit (around neck)
 m - a ring of protection from fire (right hand)
Scrolls
 a - a scroll of identify
 b - a scroll of butterflies {unknown}
 j - 2 scrolls of enchant armour
 l - a scroll of teleportation
Potions
 c - a potion of mutation {unknown}
 h - a potion of curing
 i - a potion of heal wounds {unknown}
 k - a potion of magic {unknown}
 p - a potion of might

Dungeon Overview and Level Annotations

Branches:
Dungeon (3/15)

Altars:

Annotations:
D:3 Ijyb


Message History

Pain shoots through your body!
You shoot a sling bullet. The sling bullet hits the orc.
The orc is lightly wounded.
The orc hits you but does no damage.
Ijyb the Twisted Goblin comes into view.
She is wielding a +0 dagger and carrying a wand of acid (4).
The orc priest closely misses you.
The orc priest hits you but does no damage.
The orc closely misses you.
Ijyb moves out of view.
You shoot a sling bullet. The sling bullet barely misses the orc.
The orc priest hits you from afar with a +0 trident.
The orc closely misses you.
You shoot a sling bullet. The sling bullet hits the orc.
The orc is almost dead.
The orc barely misses you.
The orc priest hits you from afar with a +0 trident.
You shoot a sling bullet. The sling bullet barely misses the orc.
The orc hits you with a +0 short sword. The orc priest barely misses you.
The orc priest calls down the wrath of Beogh upon you.
Pain shoots through your body! The orc hits you but does no damage.
You shoot a sling bullet. The sling bullet hits the orc.
You kill the orc!
The orc priest barely misses you.
You shoot a sling bullet. The sling bullet hits the orc priest!
The orc priest is heavily wounded.
The orc priest barely misses you.
The orc priest hits you from afar with a +0 trident.
You shoot a sling bullet. The sling bullet hits the orc priest.
The orc priest is severely wounded.
The orc priest misses you.
You shoot a sling bullet. The sling bullet hits the orc priest.
The orc priest is almost dead.
The orc priest mumbles some strange prayers to Beogh against you.
You barely resist. You shoot a sling bullet.
The sling bullet hits the orc priest but does no damage.
The orc priest is almost dead.
The orc priest hits you from afar with a +0 trident.
The orc priest calls down the wrath of Beogh upon you.
Beogh smites you!
You die...

.. #. #####.#
.. #@.o..# #.
#)##..# .. #.#
.). .. #.# .
#. #.# #. #.#
#. #.# #. #.#
#############.
#)#
#.............


You could see an orc priest.

Vanquished Creatures
  2 adders (D:2)
  A dart slug (D:2)
  4 orcs (D:3)
  3 ball pythons
  4 endoplasms
  2 goblins (D:1)
  7 hobgoblins
  2 jackals (D:1)
  5 kobolds
  A quokka (D:2)
  8 bats
  3 frilled lizards (D:2)
  4 rats
46 creatures vanquished.

Notes
Turn   | Place    | Note
-------+----------+-------------------------------------------
     0 | D:1      | qw the Gargoyle Hexslinger began the quest for the Orb.
     0 | D:1      | Reached XP level 1. HP: 12/12 MP: 2/2
     0 | D:1      | 0 ||| qw: Version: 0.3-a-51-g015441d
     0 | D:1      | 0 ||| qw: Game counter: 4228
     0 | D:1      | 0 ||| qw: Melee chars always use a shield: true
     0 | D:1      | 0 ||| qw: God list: Okawaru
     0 | D:1      | 0 ||| qw: Allow faded altars: false
     0 | D:1      | 0 ||| qw: Do Orc after clearing Dungeon:15 true
     0 | D:1      | 0 ||| qw: Do second Lair branch before Depths: true
     0 | D:1      | 0 ||| qw: Lair rune preference: random
     0 | D:1      | 0 ||| qw: Goals: Normal
     0 | D:1      | 0 ||| PLANNING D:1-11
   200 | D:1      | Reached XP level 2. HP: 16/16 MP: 3/3
   231 | D:1      | Reached skill level 3 in Ranged Weapons
   526 | D:1      | 526 ||| UPGRADING to ring of protection from cold.
   527 | D:1      | 527 ||| DROPPING ring of flight.
   528 | D:1      | 528 ||| READING 2 scrolls labelled LAFRO JEOTI.
   529 | D:1      | 529 ||| DROPPING scroll of poison.
   573 | D:2      | Reached XP level 3. HP: 21/21 MP: 4/4
   998 | D:2      | Reached XP level 4. HP: 26/26 MP: 5/5
  1310 | D:2      | Found a faded altar of an unknown god.
  1349 | D:2      | 1349 ||| UPGRADING to +0 ring mail.
  1359 | D:2      | 1359 ||| DROPPING +0 robe.
  1360 | D:2      | 1360 ||| UPGRADING to amulet of guardian spirit.
  1365 | D:2      | 1365 ||| UPGRADING to ring of protection from fire.
  1366 | D:2      | 1366 ||| READING scroll labelled LULEZA ZUEM.
  1367 | D:2      | 1367 ||| READING 3 scrolls labelled KEFRUFU PIOMAAJE.
  1368 | D:2      | 1368 ||| READING 2 scrolls labelled UMOALAAKUA.
  1373 | D:2      | 1373 ||| READING scroll labelled SAFFUT HIUDWOGG.
  1374 | D:2      | 1374 ||| DRINKING 2 sapphire potions.
  1375 | D:2      | 1375 ||| DRINKING 2 clear potions.
  1376 | D:2      | 1376 ||| READING 3 scrolls of identify.
  1376 | D:2      | 1376 ||| IDENTIFYING blue potion
  1377 | D:2      | 1377 ||| READING 2 scrolls of identify.
  1377 | D:2      | 1377 ||| IDENTIFYING amethyst potion
  1378 | D:2      | 1378 ||| DROPPING potion of berserk rage.
  1379 | D:2      | 1379 ||| DROPPING potion of invisibility.
  1500 | D:3      | Reached skill level 4 in Ranged Weapons
  1558 | D:3      | Noticed Ijyb
  1566 | D:3      | HP: 6/26 [orc priest/+0 trident (3)]
  1566 | D:3      | Killed from afar by an orc priest

Levels and vault maps discovered:
D:1:      lemuel_arrival_muddy, layout_rooms
D:2:      layout_basic, chequers_ecumenical_altar_simple, serial_curves,
          eino_curves_02, eino_curves_02, kennysheep_cross_bottleneck
D:3:      layout_basic, mainiacjoe_overflow_alcove_4, uniq_ijyb

Skill      XL: |  1  2  3  4 |
---------------+-------------+-----
Ranged Weapons | 3 4 |  4.0
Fighting       | 2 |  2.0
Armour         | |  0.6
Dodging        | |  1.5
Spellcasting   | |  1.0
Hexes          | |  2.6

Action                     |  1- 3 |  4- 6 || total
---------------------------+-------+-------++-------
   Fire: Sling             |    97 |    35 ||   132
    Use: Scroll            |     1 |     6 ||     7
         Potion            |       |     2 ||     2
 Armour: Robe              |    15 |       ||    15
         Ring mail         |       |     6 ||     6
  Dodge: Dodged            |    53 |    17 ||    70

Table legend:
 A = Non-vault XP
 B = Vault XP
 C = Vault XP percentage of total XP
 D = Non-vault monster count
 E = Vault monster count
 F = Vault count percentage of total count
                 A         B        C        D         E       F
            +---------+---------+-------+---------+---------+-------
      Total |     104 |       0 |   0.0 |      46 |       0 |   0.0
            +---------+---------+-------+---------+---------+-------
        D:1 |      31 |       0 |   0.0 |      19 |       0 |   0.0
        D:2 |      54 |       0 |   0.0 |      19 |       0 |   0.0
        D:3 |      19 |       0 |   0.0 |       8 |       0 |   0.0
            +---------+---------+-------+---------+---------+-------
